 Dungeon Crawl Stone Soup version 0.27-a0-1334-g2746e35aca (webtiles) character file.

Game seed: 2879485349629100950

0 Gargoyl the Skirmisher (level 1, -20/23 HPs)
             Began as a Gnoll Abyssal Knight on June 26, 2021.
             Was a Follower of Lugonu.
             Demolished by a tentacled starspawn (34 damage)
             ... on level 1 of the Abyss.
             The game lasted 00:00:13 (79 turns).

Gargoyl the Skirmisher (Gnoll Abyssal Knight)         Turns: 79, Time: 00:00:13

Health: -20/23     AC:  3    Str: 11    XL:     1   Next: 0%
Magic:  3/3        EV: 11    Int: 11    God:    Lugonu [*.....]
Gold:   27         SH:  0    Dex: 11    Spells: 0/0 levels left

rFire    . . .     SeeInvis .   a - +1 hand axe
rCold    . . .     Faith    .   (no shield)
rNeg     . . .     Spirit   .   b - +0 leather armour
rPois    .         Reflect  .   (no helmet)
rElec    .         Harm     .   (no cloak)
rCorr    .         Rampage  .   (no gloves)
Will     .....                  (no boots)
Stlth    +.........             (no amulet)
HPRegen  0.07/turn              (no ring)
MPRegen  0.08/turn              (no ring)

@: no status effects
A: fangs 1, strong nose, distributed training
a: Renounce Religion, Depart the Abyss


You were on level 1 of the Abyss.
You worshipped Lugonu.
Lugonu was aware of your devotion.
You visited 0 branches of the dungeon, and saw 0 of its levels.
You visited the Abyss 1 time.

You collected 27 gold pieces.

Inventory:

Hand Weapons
 a - a +1 hand axe (weapon)
Armour
 b - a +0 leather armour (worn)


   Skills:
 + Level 6.4 Fighting
 + Level 0.0 Short Blades
 + Level 0.0 Long Blades
 + Level 4.4 Axes
 + Level 0.0 Maces & Flails
 + Level 0.0 Polearms
 + Level 0.0 Staves
 + Level 0.0 Slings
 + Level 0.0 Bows
 + Level 0.0 Crossbows
 + Level 0.0 Throwing
 + Level 4.4 Armour
 + Level 2.3 Dodging
 + Level 0.0 Stealth
 + Level 0.0 Shields
 + Level 0.0 Unarmed Combat
 + Level 0.0 Spellcasting
 + Level 0.0 Conjurations
 + Level 0.0 Hexes
 + Level 0.0 Summonings
 + Level 0.0 Necromancy
 + Level 0.0 Translocations
 + Level 0.0 Transmutations
 + Level 0.0 Fire Magic
 + Level 0.0 Ice Magic
 + Level 0.0 Air Magic
 + Level 0.0 Earth Magic
 + Level 0.0 Poison Magic
 + Level 4.4 Invocations
 + Level 0.0 Evocations


You couldn't memorise any spells.
You didn't know any spells.
Your spell library was empty.

Dungeon Overview and Level Annotations

Branches:
Dungeon (0/15)

Altars:


Innate Abilities, Weirdness & Mutations

You have very sharp teeth.
Your uncanny sense of smell can sniff out nearby items.
Your experience applies equally to all skills.


Message History

Welcome, Gargoyl the Gnoll Abyssal Knight.
It is said that the Orb of Zot exists deep within this dungeon.
Lugonu says: Depart the Abyss and spread corruption, my servant! (use the ability menu to exit the Abyss) Press ? for a list of commands and other information.
Found a corrupted altar of Lugonu.
No target in view!
Unknown command.
Press < or > to pray at altars.
You now have 18 gold pieces.
Found a thin smoking staff.
You now have 27 gold pieces (gained 9).
A tentacled starspawn comes into view.
A necromancer comes into view. It is wielding a +3 dagger.
A tentacle flies out from the starspawn's body!
A starspawn tentacle comes into view.
The necromancer shouts!
The starspawn tentacle grabs you. The starspawn tentacle constricts you.
The necromancer casts a spell.
The necromancer binds the souls of nearby monsters.
The starspawn tentacle's grasp on you weakens, but your attempt to escape fails.
The starspawn tentacle constricts you.
The starspawn tentacle's grasp on you weakens, but your attempt to escape fails.
The starspawn tentacle loses its grip on you.
The tentacle pulls you backwards!
Found 5 gold pieces.
The starspawn tentacle grabs you. The starspawn tentacle constricts you.
You escape the starspawn tentacle's grasp.
The starspawn tentacle grabs you. The starspawn tentacle constricts you.
You escape the starspawn tentacle's grasp.
A tentacle flies out from the starspawn's body!
A starspawn tentacle comes into view.
The starspawn tentacle completely misses you.
A tentacled starspawn is nearby!
You hit the tentacled starspawn.
The tentacled starspawn is lightly damaged.
The tentacled starspawn bites you!!
Ouch! That really hurt!
You die...

### ..#... ...#.
...###... #
...........#♣♣ ##
.....#...#.# .
##...#......## ...
.#..###..#X##
..#.##..#..##.#.@#
# # .#.#.#─..#####
#.##X# ## . #
#.......# .
#.###.#.# #.# . #.
# . #.##$.# #
##/#. §$..#
#.##.##. .. . .p#
.. #.


You could see a tentacled starspawn.

Vanquished Creatures (others)
  3 starspawn tentacles (Abyss:1)
3 creatures vanquished.

Notes
Turn   | Place    | Note
-------+----------+-------------------------------------------
     0 | Abyss:1  | Gargoyl the Gnoll Abyssal Knight began the quest for the
                  | Orb.
     0 | Abyss:1  | Reached XP level 1. HP: 23/23 MP: 3/3
    59 | Abyss:1  | Noticed a tentacled starspawn
    60 | Abyss:1  | Noticed a necromancer
    79 | Abyss:1  | Demolished by a tentacled starspawn

Illustrated notes

Levels and vault maps discovered:
Abyss:1:  base: Temple, base: Temple, gammafunk_abyss_exit_x_factor

Action                   || total
-------------------------++-------
Melee: Hand axe          ||     1
Dodge: Dodged            ||     1

Table legend: (Time is in decaauts)
 A = Elapsed time spent in this place.
 B = Non-inter-level travel time spent in this place.
 C = Inter-level travel time spent in this place.
 D = Time resting spent in this place.
 E = Time spent auto-exploring this place.
 F = Levels seen in this place.
 G = Mean time per level.
                   A        B        C        D        E       F      G
               +--------+--------+--------+--------+--------+-----+--------+
         Total |     79 |     79 |      0 |      0 |     58 |   1 |   79.0 |
         Abyss |     79 |     79 |      0 |      0 |     58 |   1 |   79.0 |
               +--------+--------+--------+--------+--------+-----+--------+

Top non-repeatable levels by time:
 Abyss:1: 79 daAuts
